 Dungeon Crawl Stone Soup version 0.28-a0-2-g643f2454ad (webtiles) character file.

Game seed: 17797805045115318092

1409 hatdisgam the Cudgeller (level 8, -1/72 (84) HPs)
             Began as an Ogre Berserker on July 22, 2021.
             Was a Priest of Trog.
             Slain by a wight (10 damage)
             ... on level 6 of the Dungeon.
             The game lasted 00:06:53 (7310 turns).

hatdisgam the Cudgeller (Ogre Berserker)            Turns: 7310, Time: 00:06:53

HP:   -1/72 (84)    AC:  3    Str: 24    XL:     8   Next: 70%
MP:   8/8           EV: 10    Int:  8    God:    Trog [***...]
Gold: 156           SH:  0    Dex:  8    Spells: 7/7 levels left

rFire   . . .      SeeInvis .   F - +0 giant spiked club
rCold   . . .      Faith    .   (shield currently unavailable)
rNeg    . . .      Spirit   .   b - +0 animal skin
rPois   .          Reflect  .   (helmet restricted)
rElec   .          Harm     .   (no cloak)
rCorr   .          Rampage  .   (gloves unavailable)
Will    ++...                   (boots unavailable)
Stlth   +.........              (no amulet)
HPRegen 1.22/turn               (no ring)
MPRegen 0.11/turn               (no ring)

@: strong-willed, on berserk cooldown, regenerating, slowed, heavily drained,
very slow
A: large, unfitting armour, tough skin 1
a: Renounce Religion, Berserk, Trog's Hand


You were on level 6 of the Dungeon.
You worshipped Trog.
Trog was most pleased with you.
You visited 1 branch of the dungeon, and saw 6 of its levels.

You collected 191 gold pieces.
You spent 35 gold pieces at shops.

Inventory:

Hand Weapons
 a - a +0 mace
 k - a +0 flail
 o - a +0 flail of protection
 F - a +0 giant spiked club (weapon)
Missiles
 d - 18 poisoned darts
 f - 216 stones (quivered)
 g - 49 sling bullets
 v - 5 large rocks
 w - 3 javelins
 x - a throwing net
 D - 6 boomerangs
Armour
 b - a +0 animal skin (worn)
Jewellery
 u - a ring of wizardry
 C - a +6 ring of intelligence
 H - a ring of resist corrosion
Wands
 q - a wand of acid (18)
 E - a wand of paralysis (8)
Scrolls
 c - 2 scrolls of teleportation {unknown}
 e - a scroll of magic mapping {unknown}
 n - 2 scrolls of summoning {unknown}
 s - a scroll of silence {unknown}
 t - a scroll of amnesia {unknown}
 y - a scroll of noise {unknown}
 A - a scroll of identify {unknown}
 B - a scroll of fear {unknown}
 G - a scroll of enchant weapon {unknown}
Potions
 h - 2 potions of might {unknown}
 i - 2 potions of lignification {unknown}
 j - 2 potions of flight {unknown}
 l - 3 potions of haste {unknown}
 m - 2 potions of magic {unknown}
 p - a potion of attraction {unknown}
 r - 2 potions of curing {unknown}
 z - 2 potions of degeneration {unknown}


   Skills:
 + Level 6.9 Fighting
 * Level 7.6 Maces & Flails
 - Level 0.2 Throwing
 + Level 5.6 Dodging


You had 7 spell levels left.
You didn't know any spells.
Your spell library was empty.

Dungeon Overview and Level Annotations

Branches:
Dungeon (6/15)             Temple (0/1) D:4

Altars:
Gozag
Uskayaw
Wu Jian
Zin

Shops:
D:2 (   D:4 (   D:5 (


Innate Abilities, Weirdness & Mutations

You are too large for most types of armour.
You have tough skin. (AC +1)


Message History

You are too injured to fight recklessly!
You are too injured to fight recklessly!
Unknown command.
You are too injured to fight recklessly!
You are too injured to fight recklessly!
You are too injured to fight recklessly!
You closely miss the wight.
The wight is heavily damaged.
The wight barely misses you. x2
You stick the wight like a pincushion!!!
You destroy the wight!
Trog accepts your kill. The wight completely misses you.
You hit the wight.
The wight is moderately damaged.
The wight hits you with a +0 long sword!
You feel drained.
You barely miss the wight.
The wight is moderately damaged.
You are no longer berserk.
You are exhausted.
You feel yourself slow down. The wight misses you.
You closely miss the wight.
The wight is moderately damaged.
The wight hits you with a +0 long sword.
You feel drained.
The wight hits you with a +0 long sword.
The wight barely misses you.
You barely miss the wight.
The wight is moderately damaged.
The wight hits you with a +0 long sword.
* * * LOW HITPOINT WARNING * * *
You feel drained.
* * * LOW HITPOINT WARNING * * *
The wight hits you with a +0 long sword!
* * * LOW HITPOINT WARNING * * *
Your skin crawls.
You feel strong-willed.
The wight hits you with a +0 long sword!
You die...

########
#####......#
#...#z.....#
#...)@.....#
#...#......#
#...#......#
#...#......#
#.z.#......#
#z.##......#####
#'#######......#
##
#........#......#
#.
#........#......#
#.


You could see a wight.

Vanquished Creatures
  Sigmund (D:2)
  A water moccasin (D:5)
  An orc warrior (D:5)
  An ogre (D:6)
  2 necrophages
  2 scorpions
  A water moccasin skeleton (D:3)
  4 wights (D:6)
  A jelly (D:6)
  3 orc priests
  A hound (D:6)
  An orc wizard (D:4)
  A hound skeleton (D:5)
  Robin (D:2)
  8 adders
  5 gnolls
  3 shadow imps
  2 worms
  4 dart slugs
  18 orcs
  3 ball pythons
  3 bats
  5 endoplasms
  5 giant cockroaches
  9 goblins
  12 hobgoblins
  6 jackals
  4 kobolds
  7 quokkas
  3 training dummies (D:4)
  3 frilled lizards
  7 rats
128 creatures vanquished.

Vanquished Creatures (others)
  5 plants (D:4)
5 creatures vanquished.

Grand Total: 133 creatures vanquished

Notes
Turn   | Place    | Note
-------+----------+-------------------------------------------
     0 | D:1      | hatdisgam the Ogre Berserker began the quest for the Orb.
     0 | D:1      | Reached XP level 1. HP: 24/24 MP: 1/1
    25 | D:1      | Reached skill level 3 in Maces & Flails
   253 | D:1      | Reached XP level 2. HP: 31/32 MP: 2/2
   676 | D:1      | Reached XP level 3. HP: 28/39 MP: 3/3
  1171 | D:1      | Reached ** piety under Trog
  1463 | D:2      | Reached XP level 4. HP: 48/48 MP: 4/4
  1470 | D:2      | Noticed Sigmund
  1486 | D:2      | Killed Sigmund
  1487 | D:2      | Reached skill level 5 in Maces & Flails
  1487 | D:2      | Reached XP level 5. HP: 29/54 MP: 5/5
  1733 | D:2      | Noticed Robin
  1753 | D:2      | Reached XP level 6. HP: 62/62 MP: 6/6
  1761 | D:2      | Killed Robin
  2469 | D:2      | Found Xueseew's Antique Weapon Shop.
  2632 | D:2      | You fall into a shaft and drop 1 floor!
  3466 | D:3      | Reached *** piety under Trog
  3468 | D:3      | Found an ornate altar of the Wu Jian Council.
  3561 | D:3      | Reached XP level 7. HP: 63/71 MP: 7/7
  3613 | D:3      | Found an opulent altar of Gozag.
  4081 | D:3      | Found a faded altar of an unknown god.
  4535 | D:4      | Found Wyco's Firing Range.
  4541 | D:4      | Bought 5 large rocks for 35 gold pieces
  4746 | D:4      | Reached skill level 5 in Fighting
  4746 | D:4      | Reached skill level 6 in Maces & Flails
  4880 | D:4      | Found a staircase to the Ecumenical Temple.
  4898 | D:4      | Found a hide-covered altar of Uskayaw.
  5150 | D:5      | Entered Level 5 of the Dungeon
  5217 | D:5      | Found a glowing silver altar of Zin.
  5253 | D:5      | Found Yrrup's Antique Weapon Emporium.
  6247 | D:5      | Reached skill level 5 in Dodging
  6247 | D:5      | Reached XP level 8. HP: 78/83 MP: 8/8
  6539 | D:5      | Reached skill level 7 in Maces & Flails
  7310 | D:6      | Slain by a wight

Illustrated notes

Levels and vault maps discovered:
D:1:      wander_arrival_peaceful_grave, layout_loops_corners,
          hangedman_decor_growths, st_stairs_4, minmay_indecisive_spiral
D:2:      layout_basic, serial_shops, shop_statue, minmay_misc_feat_tower,
          uniq_robin, uniq_sigmund
D:3:      layout_basic, old_standard_altar, nicolae_wu_jian_wuxing_cycle,
          shapermc_ecumenical_altar_mp_vishouse, minmay_bisected
D:4:      layout_loops_ring, nicolae_uskayaw_murder_on_the_dancefloor,
          minmay_temple_entry_gardened_gates, nicolae_shop_firing_range
D:5:      layout_loops_corners, mainiacjoe_overflow_alcove_4, serial_shops,
          shop_statue
D:6:      layout_gridville, fedhas_altar_fruit_tree

Skill      XL: |  1  2  3  4  5  6  7  8 |
---------------+-------------------------+-----
Maces & Flails | 3 5 6 7 |  7.6
Dodging        | 3 4 5 |  5.6
Fighting       | 5 6 |  6.9
Throwing       | |  0.2

Action                   |  1- 3 |  4- 6 |  7- 9 || total
-------------------------+-------+-------+-------++-------
Melee: Mace              |   101 |    90 |       ||   191
       Flail             |       |    79 |   165 ||   244
       Giant spiked club |       |       |    27 ||    27
Invok: Berserk           |     2 |     3 |     6 ||    11
       Trog's Hand       |       |     3 |     1 ||     4
 Stab: Sleeping          |     1 |       |       ||     1
       Distracted        |       |     1 |       ||     1
Armor: Animal skin       |    24 |    47 |    57 ||   128
Dodge: Dodged            |    56 |   108 |    95 ||   259

Table legend: (Time is in decaauts)
 A = Elapsed time spent in this place.
 B = Non-inter-level travel time spent in this place.
 C = Inter-level travel time spent in this place.
 D = Time resting spent in this place.
 E = Time spent auto-exploring this place.
 F = Levels seen in this place.
 G = Mean time per level.
                   A        B        C        D        E       F      G
               +--------+--------+--------+--------+--------+-----+--------+
         Total |   7468 |   7332 |    136 |    727 |   5701 |   6 | 1244.7 |
       Dungeon |   7468 |   7332 |    136 |    727 |   5701 |   6 | 1244.7 |
               +--------+--------+--------+--------+--------+-----+--------+

Top non-repeatable levels by time:
     D:5: 1793 daAuts
     D:1: 1486 daAuts
     D:3: 1435 daAuts
     D:2: 1314 daAuts
     D:4: 1015 daAuts
     D:6: 423 daAuts
